 Dungeon Crawl Stone Soup version 0.31-a0-246-g8cbcc1cb85 (webtiles) character file.

Game seed: 11516824331745303488

49 qw the Shooter (level 3, 0/21 HPs)
             Began as a Gargoyle Hexslinger on July 12, 2023.
             Killed from afar by Sigmund (5 damage)
             ... with a magic dart
             ... on level 2 of the Dungeon.
             The game lasted 00:00:38 (1174 turns).

qw the Shooter (Gargoyle Hexslinger)                Turns: 1174, Time: 00:00:38

Health: 0/21       AC: 12    Str: 11    XL:     3   Next: 75%
Magic:  4/4        EV: 11    Int: 13    God:
Gold:   69         SH:  0    Dex: 14    Spells: 3/4 levels left

rFire   . . .        Y - +1 sling
rCold   . . .        (no shield)
rNeg    + . .        l - +0 leather armour
rPois   inf          m - +0 helmet
rElec   +            k - +0 cloak
rCorr   .            (no gloves)
SInv    .            (no boots)
Will    .....        (no amulet)
Stlth   +            j - +4 ring of protection
HPRegen 0.23/turn    (no ring)
MPRegen 0.09/turn

%: no passive effects
@: no status effects
A: sickness immunity, AC +3, negative energy resistance 1, electricity
resistance, torment resistance 1, petrification resistance
a: no special abilities


You were on level 2 of the Dungeon.
You visited 1 branch of the dungeon, and saw 2 of its levels.

You collected 69 gold pieces.


Innate Abilities, Weirdness & Mutations

You are immune to sickness and miasma.
Your stone body is resilient. (AC +3)
You are immune to poison.
You resist negative energy. (rN+)
You are resistant to electric shocks. (rElec)
You are resistant to unholy torment.
You are immune to petrification.


   Skills:
 - Level 2.0 Fighting
 + Level 3.6 Ranged Weapons
 - Level 1.5 Dodging
 - Level 1.0 Spellcasting
 - Level 2.6 Hexes


You had 3 spell levels left.
You knew the following spells:

 Your Spells              Type           Power      Damage    Failure   Level
a - Slow                  Hex            28%        N/A       12%         1

Your spell library contained the following spells:

 Spells                   Type           Power      Damage    Failure   Level
 Inner Flame              Hex/Fire       4%         N/A       54%         3
 Portal Projectile        Hex/Tloc       8%         N/A       54%         3
 Cause Fear               Hex            3%         N/A       77%         4

Inventory:

Hand Weapons
 Y - a +1 sling (weapon)
Armour
 k - a +0 cloak (worn)
 l - a +0 leather armour (worn)
 m - a +0 helmet (worn)
Jewellery
 b - an amulet of reflection
 j - a +4 ring of protection (left hand)
Scrolls
 a - 2 scrolls of identify
 c - a scroll of immolation {unknown}
Potions
 e - a potion of might {unknown}
 f - a potion of ambrosia {unknown}
 g - a potion of cancellation {unknown}

Dungeon Overview and Level Annotations

Branches:
Dungeon (2/15)

Altars:

Annotations:
D:2 Sigmund


Message History

You hear some strange, mumbled words.
You are confused.
You shoot a sling bullet.
You hear some strange, mumbled words.
Something tries to affect you, but you resist.
You shoot a sling bullet. Something hits you but does no damage.
You shoot a sling bullet. Something hits you.
You shoot a sling bullet.
You feel less confused. Something hits you.
You shoot a sling bullet. Something hits you but does no damage.
You shoot a sling bullet. You shoot a sling bullet.
Something hits you but does no damage.
You shoot a sling bullet. Something hits you but does no damage.
You shoot a sling bullet. Something hits you.
You shoot a sling bullet. Something hits you!
You shoot a sling bullet. Something hits you but does no damage.
You shoot a sling bullet. Something hits you but does no damage.
You shoot a sling bullet. You shoot a sling bullet. Something hits you.
You shoot a sling bullet.
You hear some strange, mumbled words.
A puff of flame appears from out of thin air!
The puff of flame hits you.
You shoot a sling bullet. Something hits you but does no damage.
You shoot a sling bullet.
A magic dart appears from out of thin air!
The magic dart hits you.
You die...

......~...#. ..##'#~..##
..##.#~### ##########
##...##########.........
>.............'...~~~~..
.........######......~..
.#######.# #...~~~~..
.##....#.# #.....?...
.##.##.#.# #.@..[....
.##.##...# #..:......
.##.##...# #.{.......
.##.##...# ..........
.##.##.#.# ....##.####
.##.##.#.# #..... ##
###.#<.#.# #$....
....#..#.# #.....
#####..#.#


There were no monsters in sight!

Vanquished Creatures
  An adder (D:2)
  A worm (D:1)
  2 dart slugs (D:1)
  3 ball pythons (D:1)
  An endoplasm (D:2)
  3 giant cockroaches
  4 goblins (D:1)
  4 hobgoblins (D:1)
  3 kobolds
  2 quokkas (D:1)
  3 bats (D:1)
  2 rats (D:1)
29 creatures vanquished.

Notes
Turn   | Place    | Note
-------+----------+-------------------------------------------
     0 | D:1      | qw the Gargoyle Hexslinger began the quest for the Orb.
     0 | D:1      | Reached XP level 1. HP: 12/12 MP: 2/2
     0 | D:1      | 0 ||| qw: Version: 0.3-a-52-g30416fa
     0 | D:1      | 0 ||| qw: Game counter: 6486
     0 | D:1      | 0 ||| qw: Melee chars always use a shield: true
     0 | D:1      | 0 ||| qw: God list: Okawaru
     0 | D:1      | 0 ||| qw: Allow faded altars: false
     0 | D:1      | 0 ||| qw: Do Orc after clearing Dungeon:15 true
     0 | D:1      | 0 ||| qw: Do second Lair branch before Depths: true
     0 | D:1      | 0 ||| qw: Lair rune preference: random
     0 | D:1      | 0 ||| qw: Goals: Normal
     0 | D:1      | 0 ||| PLANNING D:1-11
    87 | D:1      | Reached XP level 2. HP: 13/16 MP: 3/3
   162 | D:1      | Reached skill level 3 in Ranged Weapons
   264 | D:1      | Found a faded altar of an unknown god.
   289 | D:1      | Reached XP level 3. HP: 11/21 MP: 4/4
   589 | D:1      | 589 ||| UPGRADING to +0 cloak.
   594 | D:1      | 594 ||| UPGRADING to +0 leather armour.
   604 | D:1      | 604 ||| DROPPING +0 robe.
   605 | D:1      | 605 ||| UPGRADING to +0 helmet.
   610 | D:1      | 610 ||| UPGRADING to +4 ring of protection.
   611 | D:1      | 611 ||| READING scroll labelled USIATAU CUNNOE.
   612 | D:1      | 612 ||| READING scroll labelled XOUSHR JASSA.
   613 | D:1      | 613 ||| DRINKING 2 sedimented purple potions.
   614 | D:1      | 614 ||| DROPPING scroll of poison.
   644 | D:2      | 644 ||| STAIRDANCE
   655 | D:1      | HP: 3/21 [worm (5)]
  1147 | D:2      | Noticed Sigmund
  1153 | D:2      | 1153 ||| DRINKING potion of curing.
  1153 | D:2      | 1153 ||| (to cure confusion)
  1172 | D:2      | HP: 4/21 [something/puff of flame (2)]
  1174 | D:2      | Killed from afar by Sigmund

Levels and vault maps discovered:
D:1:      nzn_arrival_depleted_hourglass, layout_rooms,
          ebering_ecumenical_altar_hall
D:2:      layout_basic, serial_shops, shop, serial_rivers,
          chequers_serial_rivers_micro_e, chequers_serial_rivers_small_3,
          chequers_serial_rivers_micro_d, chequers_serial_rivers_micro_d,
          chequers_serial_rivers_micro_a, uniq_sigmund

Skill      XL: |  1  2 |
---------------+-------+-----
Ranged Weapons | 3 |  3.6
Fighting       | 2 |  2.0
Dodging        | |  1.5
Spellcasting   | |  1.0
Hexes          | |  2.6

Action                     || total
---------------------------++-------
   Fire: Sling             ||   185
    Use: Scroll            ||     2
         Potion            ||     2
 Armour: Robe              ||    25
         Leather armour    ||    33
  Dodge: Dodged            ||    72

Table legend:
 A = Non-vault XP
 B = Vault XP
 C = Vault XP percentage of total XP
 D = Non-vault monster count
 E = Vault monster count
 F = Vault count percentage of total count
                 A         B        C        D         E       F
            +---------+---------+-------+---------+---------+-------
      Total |      70 |       0 |   0.0 |      29 |       0 |   0.0
            +---------+---------+-------+---------+---------+-------
        D:1 |      51 |       0 |   0.0 |      25 |       0 |   0.0
        D:2 |      19 |       0 |   0.0 |       4 |       0 |   0.0
            +---------+---------+-------+---------+---------+-------
